 Dungeon Crawl Stone Soup version 0.20.1-1-g8b1a95d (webtiles) character file.

1503 McKennaii the Zephyrmancer (level 8, -2/42 HPs)
             Began as a Tengu Air Elementalist on Aug 3, 2017.
             Was an Initiate of Vehumet.
             Slain by a sky beast (4 damage)
             ... on level 5 of the Dungeon.
             The game lasted 00:14:12 (5772 turns).

McKennaii the Zephyrmancer (Tengu Air Elementalist) Turns: 5772, Time: 00:14:12

Health: -2/42      AC:  3    Str: 12    XL:     8   Next: 82%
Magic:  10/16      EV: 13    Int: 24    God:    Vehumet [......]
Gold:   178        SH:  0    Dex: 14    Spells: 9/17 levels left

rFire    + + .     SeeInvis .   B - +0 whip (flame)
rCold    . . .     Gourm    .   (no shield)
rNeg     . . .     Faith    .   s - +0 leather armour {rF+}
rPois    .         Spirit   .   (helmet restricted)
rElec    .         Reflect  .   (no cloak)
rCorr    .         Harm     .   (no gloves)
MR       .....                  (boots unavailable)
Stlth    ++........             (no amulet)
Regen    0.2/turn               j - ring of protection from fire
MPRegen  0.2/turn               v - +4 ring of strength

@: brilliant
A: beak, talons 3, able to fly 1
a: Fly, Renounce Religion


You were on level 5 of the Dungeon.
You worshipped Vehumet.
Vehumet was noncommittal.
You were hungry.

You visited 1 branch of the dungeon, and saw 5 of its levels.

You collected 178 gold pieces.

Inventory:

Hand Weapons
 B - a +0 whip of flaming (weapon)
Armour
 s - a +0 leather armour of fire resistance (worn)
Jewellery
 j - a ring of protection from fire (left hand)
 v - a +4 ring of strength (right hand)
Wands
 y - a wand of lightning (8/15)
 A - a wand of polymorph (6/24)
Scrolls
 d - 2 scrolls of enchant weapon {unknown}
 e - 5 scrolls of identify {unknown}
 g - 3 scrolls of teleportation {unknown}
 h - 2 scrolls of remove curse {unknown}
 i - a scroll of recharging {unknown}
 k - a scroll of noise {unknown}
 m - 3 scrolls of immolation {unknown}
 x - a scroll of magic mapping {unknown}
Potions
 a - 2 potions of agility {unknown}
 o - 2 potions of brilliance
 p - a potion of ambrosia {unknown}
 r - a potion of flight {unknown}
 t - a potion of berserk rage {unknown}
 u - a potion of heal wounds {unknown}
 w - a potion of cancellation {unknown}
Books
 b - a book of Air

   Spells                             Type                      Level
   a - Shock                          Conjuration/Air              1
   b - Swiftness                      Charms/Air                   2
   c - Static Discharge               Conjuration/Air              3
   d - Airstrike                      Air                          4
   e - Lightning Bolt                 Conjuration/Air              5
 z - a book of Misfortune

   Spells                             Type                      Level
   a - Confusing Touch                Hexes                        1
   b - Confuse                        Hexes                        3
   c - Gell's Gravitas                Translocation                3
   d - Petrify                        Transmutation/Earth          4
   e - Metabolic Englaciation         Hexes/Ice                    5
   f - Yara's Violent Unravelling     Hexes/Transmutation          5
Comestibles
 c - 6 bread rations
 f - 6 fruits
 l - 2 meat rations
 n - a royal jelly


   Skills:
 + Level 0.6 Fighting
 + Level 2.4 Armour
 + Level 3.2 Dodging
 + Level 2.4 Stealth
 + Level 5.1 Spellcasting
 + Level 6.2 Conjurations
 * Level 9.9 Air Magic


You had 9 spell levels left.
You knew the following spells:

 Your Spells              Type           Power        Failure   Level  Hunger
a - Shock                 Conj/Air       ####         1%          1    None
b - Swiftness             Chrm/Air       #####...     1%          2    None
c - Lightning Bolt        Conj/Air       ######....   1%          5    #####..


Dungeon Overview and Level Annotations

Branches:
Dungeon (5/15)
 Temple: D:4-7

Altars:
Dithmenos
Gozag
Qazlal
Ru
Vehumet
Yredelemnul

Shops:
D:4 :

Annotations:
D:2 Sigmund


Innate Abilities, Weirdness & Mutations

You have a beak for a mouth.
You have claws for feet.
You can fly.


Message History

You feel better. The sky beast hits you. The sky beast shocks you.
* * * LOW HITPOINT WARNING * * *
You closely miss the sky beast. You claw the sky beast.
The sky beast is heavily wounded.
The sky beast flickers out of sight!
Deactivating autopickup; reactivate with Ctrl-A.
Something hits you.
* * * LOW HITPOINT WARNING * * *
Something shocks you.
* * * LOW HITPOINT WARNING * * *
You feel better.
A sky beast appears from thin air!
Reactivating autopickup.
The sky beast hits you.
* * * LOW HITPOINT WARNING * * *
The sky beast shocks you.
* * * LOW HITPOINT WARNING * * *
It was a potion of brilliance.
You feel clever all of a sudden. The sky beast hits you.
You die...

#..........#
#..........#
###........##
##...........#
.............#
#..........#
#..........#
###...Y......#
#<....@.....##
#..........##
#........###
#........#
#........#
...########
..### ##


You could see a sky beast.

Vanquished Creatures
  Pikel (D:5)
  An orc warrior (D:4)
  4 slaves
  A phantom (D:4)
  2 centaurs (D:5)
  3 ogres
  A scorpion (D:4)
  A howler monkey (D:4)
  2 crimson imps (D:5)
  A centaur skeleton (D:4)
  A hound (D:5)
  An orc priest (D:3)
  3 worker ants
  7 adders
  2 oozes
  5 worms
  A leopard gecko (D:2)
  7 orcs
  6 bats
  4 giant cockroaches
  9 goblins
  9 hobgoblins
  9 jackals
  5 kobolds
  2 quokkas (D:3)
  A ball python (D:3)
  A ball python skeleton (D:5)
  6 frilled lizards
  A quokka zombie (D:5)
  8 rats
  A spectral orc (D:4)
106 creatures vanquished.

Notes
Turn   | Place    | Note
-------+----------+-------------------------------------------
     0 | D:1      | McKennaii the Tengu Air Elementalist began the quest for the Orb.
     0 | D:1      | Reached XP level 1. HP: 10/10 MP: 4/4
   195 | D:1      | Reached XP level 2. HP: 15/15 MP: 4/6
   667 | D:1      | Reached XP level 3. HP: 16/19 MP: 1/7
  1201 | D:2      | Reached skill level 5 in Air Magic
  1211 | D:2      | Learned a level 2 spell: Swiftness
  1564 | D:2      | Reached XP level 4. HP: 24/24 MP: 3/8
  1643 | D:2      | Found a shadowy altar of Dithmenos.
  1797 | D:2      | Noticed Sigmund
  1823 | D:3      | Found a stormy altar of Qazlal.
  2109 | D:3      | Found a radiant altar of Vehumet.
  2115 | D:3      | Found a sacrificial altar of Ru.
  2265 | D:3      | Gained mutation: You can fly. [Tengu growth]
  2265 | D:3      | Reached XP level 5. HP: 28/28 MP: 1/10
  2339 | D:3      | Learned a level 5 spell: Lightning Bolt
  3078 | D:4      | Noticed an ogre
  3078 | D:4      | Noticed an orc warrior
  3177 | D:4      | Reached skill level 6 in Air Magic
  3197 | D:4      | Noticed a phantom
  3298 | D:4      | Killed a phantom
  3298 | D:4      | Reached skill level 1 in Armour
  3298 | D:4      | Reached XP level 6. HP: 13/33 MP: 1/12
  3512 | D:3      | Became a worshipper of Vehumet
  3565 | D:4      | Found Uschuureohacw's Book Emporium.
  3823 | D:4      | Found an opulent altar of Gozag.
  4043 | D:4      | Reached skill level 7 in Air Magic
  4043 | D:4      | Reached XP level 7. HP: 21/37 MP: 6/13
  4961 | D:4      | Found a basalt altar of Yredelemnul.
  5134 | D:5      | Entered Level 5 of the Dungeon
  5148 | D:5      | Noticed Pikel
  5239 | D:5      | Reached skill level 5 in Conjurations
  5239 | D:5      | Reached skill level 8 in Air Magic
  5392 | D:5      | Reached XP level 8. HP: 42/42 MP: 10/15
  5722 | D:5      | Killed Pikel
  5722 | D:5      | Reached skill level 5 in Spellcasting
  5722 | D:5      | Reached skill level 9 in Air Magic
  5771 | D:5      | HP: 2/42 [sky beast (6)]
  5772 | D:5      | Slain by a sky beast

Skill      XL: |  1  2  3  4  5  6  7  8 |
---------------+-------------------------+-----
Air Magic      | 5 6 7 8 9 |  9.9
Conjurations   | 2 3 4 5 6 |  6.2
Spellcasting   | 3 4 5 |  5.1
Armour         | 1 2 |  2.4
Dodging        | 3 |  3.2
Fighting       | |  0.6
Stealth        | |  2.4

Action                   |  1- 3 |  4- 6 |  7- 9 || total
-------------------------+-------+-------+-------++-------
Melee: Unarmed           |    33 |     8 |     1 ||    42
       Kick              |     7 |     2 |     4 ||    13
       Peck              |     1 |     3 |     2 ||     6
       Whip              |       |       |    13 ||    13
 Cast: Shock             |    69 |   144 |   108 ||   321
 Abil: Fly               |       |     1 |     2 ||     3
  Use: Potion            |       |       |     4 ||     4
  Eat: Chunk             |     2 |     8 |     5 ||    15
       Fruit             |       |       |     1 ||     1
Armor: Robe              |     7 |     1 |       ||     8
       Leather armour    |       |     2 |     6 ||     8
Dodge: Dodged            |    20 |    33 |    31 ||    84
